 Dungeon Crawl Stone Soup version 0.30.0-10-gfe55d96785 (webtiles) character file.

Game seed: 6991777377517964002

1383 Firecrotchwizard the Cleaver (level 8, -4/73 HPs)
             Began as a Hill Orc Monk on May 16, 2023.
             Was a Priest of Beogh.
             Slain by a phantom (5 damage)
             ... on level 6 of the Dungeon.
             The game lasted 00:10:06 (5273 turns).

Firecrotchwizard the Cleaver (Hill Orc Monk)        Turns: 5273, Time: 00:10:07

Health: -4/73      AC: 10    Str: 22    XL:     8   Next: 67%
Magic:  8/8        EV: 15    Int: 10    God:    Beogh [***...]
Gold:   301        SH:  0    Dex: 13    Spells: 7/7 levels left

rFire   . . .        v - +0 war axe
rCold   . . .        d - orb {light}
rNeg    . . .        x - +0 scale mail
rPois   .            A - +2 helmet
rElec   .            (no cloak)
rCorr   .            (no gloves)
SInv    .            (no boots)
Will    .....        t - amulet of faith Stlth
                     F - +5 ring of evasion
HPRegen 0.32/turn    p - +6 ring of strength
MPRegen 0.11/turn

%: faith
@: lethally poisoned (-4 -> -21), marked, glowing
A: no striking features
a: Renounce Religion, Smiting


You were on level 6 of the Dungeon.
You worshipped Beogh.
Beogh was most pleased with you.
You visited 1 branch of the dungeon, and saw 6 of its levels.
You also visited: Sewer.

You collected 301 gold pieces.

Inventory:

Hand Weapons
 a - a +0 hand axe
 v - a +0 war axe (weapon)
 J - a +0 battleaxe
Missiles
 e - 4 javelins (quivered)
 o - 13 poisoned darts
Armour
 b - a +0 robe
 d - an orb of light (worn)
 m - a +0 ring mail
 x - a +0 scale mail (worn)
 A - a +2 helmet (worn)
Jewellery
 f - a ring of flight
 l - a ring of magical power
 p - a +6 ring of strength (right hand)
 t - an amulet of faith (around neck)
 F - a +5 ring of evasion (left hand)
Wands
 I - a wand of iceblast (12)
Scrolls
 h - 3 scrolls of silence {unknown}
 j - a scroll of brand weapon {unknown}
 k - 2 scrolls of fear {unknown}
 q - a scroll of immolation {unknown}
 r - a scroll of noise {unknown}
 s - 3 scrolls of teleportation {unknown}
 u - 4 scrolls of identify {unknown}
 y - a scroll of torment {unknown}
 B - 2 scrolls of blinking {unknown}
 D - a scroll of magic mapping {unknown}
 G - a scroll of enchant armour {unknown}
 H - a scroll of amnesia {unknown}
 K - a scroll of poison {unknown}
Potions
 c - 2 potions of ambrosia
 g - 2 potions of attraction {unknown}
 i - 2 potions of heal wounds {unknown}
 n - 2 potions of lignification {unknown}
 w - a potion of might {unknown}
 z - 2 potions of curing {unknown}
 C - a potion of mutation {unknown}
 E - a potion of invisibility
 L - a potion of degeneration {unknown}


   Skills:
 + Level 7.2 Fighting
 * Level 10.3 Axes
 + Level 5.4 Armour
 - Level 2.4 Dodging


You had 7 spell levels left.
You didn't know any spells.
Your spell library was empty.

Dungeon Overview and Level Annotations

Branches:
Dungeon (6/15)              Sewer (visited)
 Temple: D:4-7

Altars:
Elyvilon
Nemelex Xobeh
Okawaru
Sif Muna
Uskayaw

Shops:
D:1 *


Message History

You slash the orc priest!
The orc priest hits you but does no damage.
The orc priest hits you with a +0 mace.
The orc drinks a potion.
The orc flickers and vanishes for a moment.
You slash the orc priest!
You kill the orc priest!
Beogh accepts your kill.
Beogh appreciates your killing of a heretic priest.
You hit the orc priest. The orc priest barely misses you.
You hit the orc priest but do no damage.
The orc priest is almost dead.
You hit the orc but do no damage. The orc priest closely misses you.
The orc barely misses you. The orc hits you but does no damage.
You slash the orc priest!
You kill the orc priest!
Beogh accepts your kill.
Beogh appreciates your killing of a heretic priest.
You hit the orc. The orc closely misses you.
You slash the orc!
You kill the orc!
Beogh accepts your kill. The orc barely misses you.
An ufetubus comes into view.
The orc hits you but does no damage.
Things that are here:
a +0 club; a +0 leather armour; an orc corpse
Found a leather armour.
The orc priest barely misses you. The orc hits you but does no damage.
The orc closely misses you.
The orc warrior hits you from afar with a +1 glaive of venom!
You are poisoned.
The orc misses you.
There is an open door here.
You hit the orc.
The orc is moderately wounded.
You completely miss the orc priest. You hit the orc. You slash the orc priest!
You hit the orc but do no damage.
You feel very sick.
The orc priest hits you but does no damage. x2
The orc closely misses you. The orc warrior closely misses you.
The orc closely misses you.
You hit the orc priest but do no damage.
The orc priest is heavily wounded.
You slash the orc priest! You slash the orc!
You kill the orc!
Beogh accepts your kill.
You hit the orc. x2
You feel very sick. The orc barely misses you.
The orc priest calls upon Beogh to heal the orc.
The orc's wounds heal themselves!
The orc priest barely misses you. The orc hits you with a +0 hand axe.
* * * LOW HITPOINT WARNING * * *
The orc warrior barely misses you.
You completely miss the orc priest.
The orc priest is heavily wounded.
You barely miss the orc priest. You slash the orc priest!
You kill the orc priest!
Beogh accepts your kill.
Beogh appreciates your killing of a heretic priest.
You can now gain orcish followers.
You hit the orc. You hit the orc but do no damage.
You feel very sick. The orc hits you with a +0 hand axe.
* * * LOW HITPOINT WARNING * * *
An orc wizard comes into view. It is wielding a +0 dagger.
The orc warrior barely misses you.
The orc priest calls upon Beogh to heal the orc.
The orc's wounds heal themselves!
The orc priest hits you but does no damage.
The orc hits you with a +0 hand axe.
* * * LOW HITPOINT WARNING * * *
You barely miss the orc priest. You hit the phantom. You hit the orc.
You slash the orc!
You kill the orc!
Beogh accepts your kill.
You hit the orc priest.
You feel very sick. The orc priest barely misses you.
The orc barely misses you.
The orc warrior hits you from afar with a +1 glaive of venom!
* * * LOW HITPOINT WARNING * * *
You are lethally poisoned!
The phantom hits you.
* * * LOW HITPOINT WARNING * * *
The orc priest misses you.
You slash the orc priest!
You kill the orc priest!
Beogh accepts your kill.
Beogh appreciates your killing of a heretic priest.
You hit the orc.
You kill the orc!
Beogh accepts your kill.
You hit the ufetubus but do no damage. You barely miss the orc priest.
You hit the phantom.
* * * LOW HITPOINT WARNING * * *
You feel very sick. The ufetubus barely misses you. The ufetubus misses you.
An orc priest comes into view. It is wielding a +0 mace.
The orc priest hits you but does no damage.
The phantom hits you.
You die...

#.# #.# .........[.#
#.# ..........# ..#
......... ..#
#.......### †.# #
#......... ..# .#
#.......# ..###.#
#.oW))..# ..#...
####@#'#### ..#.#
#..)5o....# ...)##
#..)......# ###†.##
#.........#
#...#######.........#
#.#..)...##)........#
#.######..))....o...#
#.# ###......o....#
#.# #............


You could see an orc warrior, a phantom, 2 orc priests, an orc wizard and an
ufetubus.

Vanquished Creatures
  A vampire mosquito (D:6)
  An ice beast (D:5)
  2 ogres
  A centaur (D:5)
  2 bullfrogs (D:5)
  2 scorpions
  4 wights (D:5)
  4 orc priests (D:6)
  A hound (D:4)
  A hell rat (Sewer)
  2 iguanas
  2 orc wizards (D:5)
  6 adders
  8 gnolls
  A river rat (Sewer)
  3 dart slugs
  13 orcs
  11 endoplasms
  2 giant cockroaches (D:3)
  5 goblins (D:1)
  3 hobgoblins
  2 kobolds (D:1)
  4 quokkas
  5 ball pythons
  3 bats
  2 frilled lizards
  3 rats
94 creatures vanquished.

Vanquished Creatures (others)
  2 orcs (D:4)
2 creatures vanquished.

Grand Total: 96 creatures vanquished

Notes
Turn   | Place    | Note
-------+----------+-------------------------------------------
     0 | D:1      | Firecrotchwizard the Hill Orc Monk began the quest for the
                  | Orb.
     0 | D:1      | Reached XP level 1. HP: 19/19 MP: 1/1
    19 | D:1      | Found Foerust's General Store.
   368 | D:1      | Reached XP level 2. HP: 16/27 MP: 2/2
   643 | D:1      | Reached skill level 1 in Armour
  1222 | D:2      | You fall into a shaft and drop 2 floors!
  1242 | D:4      | Reached skill level 5 in Axes
  1242 | D:4      | Reached XP level 3. HP: 22/33 MP: 3/3
  1371 | D:4      | Found an iron altar of Okawaru.
  1415 | D:4      | Became a worshipper of Beogh the Brigand
  1415 | D:4      | Reached * piety under Beogh
  1415 | D:4      | Reached ** piety under Beogh
  1430 | D:4      | Reached XP level 4. HP: 40/40 MP: 4/4
  1448 | D:4      | Found a hide-covered altar of Uskayaw.
  2260 | D:3      | Reached XP level 5. HP: 47/47 MP: 5/5
  2378 | D:3      | Reached skill level 6 in Axes
  2552 | D:3      | Found a glowing drain.
  2577 | D:3      | Found a shimmering blue altar of Sif Muna.
  2601 | Sewer    | Entered a sewer
  3383 | D:2      | Found a sparkling altar of Nemelex Xobeh.
  3694 | D:5      | Entered Level 5 of the Dungeon
  3708 | D:5      | Reached skill level 5 in Fighting
  3709 | D:5      | Reached XP level 6. HP: 54/56 MP: 6/6
  3755 | D:5      | Noticed an ice beast
  3767 | D:5      | Killed an ice beast
  3768 | D:5      | Reached skill level 7 in Axes
  3919 | D:5      | Reached XP level 7. HP: 19/61 MP: 7/7
  4150 | D:5      | Reached skill level 8 in Axes
  4716 | D:5      | Reached skill level 9 in Axes
  4716 | D:5      | Reached XP level 8. HP: 71/71 MP: 8/8
  4984 | D:6      | Found a white marble altar of Elyvilon.
  5075 | D:6      | Reached skill level 5 in Armour
  5081 | D:6      | Reached skill level 10 in Axes
  5271 | D:6      | Reached *** piety under Beogh
  5273 | D:6      | HP: 1/73 [poisoned by an orc warrior]
  5273 | D:6      | Slain by a phantom

Illustrated notes

Levels and vault maps discovered:
D:1:      dpeg_arrival_arbitrary_b, layout_basic, serial_shops,
          nicolae_shop_tiny_glass
D:2:      wad_lake_hut, layout_basic, basic_altar
D:3:      layout_loops_ring, lemuel_blue_sif_altar, portal_sewer_entry_b,
          eino_tiny_chamber
D:4:      layout_basic, mainiacjoe_overflow_catch_the_wave
D:5:      layout_basic
D:6:      layout_basic, lemuel_crystal_altar, temple_fountains,
          minmay_misc_feat_iff, serial_park_tiny_1, minmay_manual_moon

Skill      XL: |  1  2  3  4  5  6  7  8 |
---------------+-------------------------+-----
Armour         | 1 2 3 4 5 |  5.4
Fighting       | 4 5 6 7 |  7.2
Axes           | 5 6 7 9 10 | 10.3
Dodging        | |  2.4

Action                     |  1- 3 |  4- 6 |  7- 9 || total
---------------------------+-------+-------+-------++-------
  Melee: Hand axe          |    79 |       |       ||    79
         War axe           |       |    93 |    76 ||   169
  Throw: Dart              |       |     3 |     5 ||     8
 Invoke: Convert to Beogh  |     1 |       |       ||     1
         Smiting           |       |       |     2 ||     2
    Use: Potion            |       |     1 |       ||     1
 Armour: Robe              |    12 |       |       ||    12
         Ring mail         |     9 |     2 |       ||    11
         Scale mail        |       |    42 |    28 ||    70
  Dodge: Dodged            |    40 |    71 |    78 ||   189
